 Dungeon Crawl Stone Soup version 0.16.1-18-g436b03c (webtiles) character file.

16964300 SaintRoka the Grand Master (level 27, 401/409 HPs)
             Began as a Merfolk Transmuter on May 15, 2015.
             Was the Champion of Cheibriados.
             Escaped with the Orb
             ... and 15 runes on May 16, 2015!
             The game lasted 10:56:22 (91614 turns).

SaintRoka the Grand Master (Merfolk Transmuter)    Turns: 91614, Time: 10:56:22

Health: 401/409    AC: 16    Str: 41    XL:     27
Magic:  33/44      EV: 37    Int: 46    God:    Cheibriados [******]
Gold:   5475       SH:  0    Dex: 31    Spells: 17 memorised, 9 levels left

rFire  + + .     SeeInvis .       - Unarmed
rCold  x . .     Clarity  .     B - melded +0 ring mail of Mneyj {rF++ MR+ Int-3 Stlth+}
rNeg   . . .     SustAb   .     t - melded +5 buckler of the Peculiar Mice {rC++} (curse)
rPois  +         Gourm    .     O - melded +2 hat of the Bear Spirit {Spirit, +Rage rN+ MR++}
rElec  .         Spirit   .     U - melded +2 cloak of the Thief {+Fog Slay-2 SInv Stlth+}
rCorr  .         Warding  .     L - melded +3 pair of gauntlets of War {Slay+5}
rMut   +         Stasis   .     o - melded +2 pair of boots (curse)
MR     ++++.                    r - amulet of resist mutation
Stlth  +.........               d - +6 ring of evasion
                                V - ring of the Mage {Wiz MR++ Int+3}

@: mighty, brilliant, dragon-form, flying, repel missiles, very slow, incredibly
resistant to hostile enchantments, very unstealthy
A: (change form in water), (swift swim), thin skeletal structure 1, clumsy 1,
low mp 1, robust 1
a: End Transformation, Bend Time, Temporal Distortion, Slouch, Step From Time,
Renounce Religion, Breathe Fire
0: Orb of Zot
}: 15/15 runes: decaying, serpentine, slimy, silver, golden, iron, obsidian,
icy, bone, abyssal, demonic, glowing, magical, fiery, dark


You escaped.
You worshipped Cheibriados.
Cheibriados was exalted by your worship.
You were not hungry.
You were a fearsome dragon!
You visited 18 branches of the dungeon, and saw 97 of its levels.
You visited Pandemonium 2 times, and saw 11 of its levels.
You visited the Abyss 4 times.
You visited 1 ziggurat, and saw 6 of its levels.
You also visited: Sewer, Volcano and Wizlab.

You collected 12364 gold pieces.
You spent 6889 gold pieces at shops.

Inventory:

Missiles
 y - 5 throwing nets (quivered)
Armour
 n - the cursed +8 fire dragon armour "Heill" {Contam rElec rF++ rC- MR+ Str+2 SInv}
   (You found it on level 3 of the Tomb of the Ancients)

   It affects your strength (+2).
   It greatly protects you from fire.
   It makes you vulnerable to cold.
   It insulates you from electricity.
   It affects your resistance to hostile enchantments.
   It enhances your eyesight.
   It causes magical contamination when unequipped.
   It has a curse placed upon it.
 o - a cursed +2 pair of boots (melded)
 t - the cursed +5 buckler of the Peculiar Mice (melded) {rC++}
   (You found it on level 7 of Tartarus)

   It greatly protects you from cold.
   It has a curse placed upon it.
 B - the +0 ring mail of Mneyj (melded) {rF++ MR+ Int-3 Stlth+}
   (You found it on level 6 of a ziggurat)

   It affects your intelligence (-3).
   It greatly protects you from fire.
   It affects your resistance to hostile enchantments.
   It makes you more stealthy.
 L - the +3 pair of gauntlets of War (melded) {Slay+5}
   (You acquired it on level 2 of the Orcish Mines)

   It affects your accuracy and damage with ranged weapons and melee attacks
   (+5).
 O - the +2 hat of the Bear Spirit (melded) {Spirit, +Rage rN+ MR++}
   (You bought it in a shop on level 2 of the Vaults)

   It protects you from negative energy.
   It affects your resistance to hostile enchantments.
   It lets you go berserk.
 U - the +2 cloak of the Thief (melded) {+Fog Slay-2 SInv Stlth+}
   (You acquired it on level 7 of the Dungeon)

   It affects your accuracy and damage with ranged weapons and melee attacks
   (-2).
   It enhances your eyesight.
   It can be evoked to emit clouds of fog.
   It makes you more stealthy.
 X - the cursed +5 ring mail "Khusat" {rElec rC+ MR-}
   (You found it on level 13 of the Dungeon)

   It protects you from cold.
   It insulates you from electricity.
   It affects your resistance to hostile enchantments.
   It has a curse placed upon it.
 Z - a cursed +3 buckler of protection
Rods
 b - a +9 rod of inaccuracy (14/14)
   (You found it on level 3 of the Depths)
Jewellery
 d - a +6 ring of evasion (right foreclaw)
 r - an amulet of resist mutation (around neck)
 v - a cursed ring of protection from cold
 F - an uncursed ring of protection from fire
 G - the cursed amulet "Poath" {Ward rF+ rN+ Str+4 Stlth+}
   (You took it off a hell knight on level 3 of the Crypt)

   [amulet of warding]

   It may prevent the melee attacks of summoned creatures.
   It affects your strength (+4).
   It protects you from fire.
   It protects you from negative energy.
   It makes you more stealthy.
   It has a curse placed upon it.
 I - a cursed +3 ring of slaying
 J - a cursed ring of sustain abilities
 V - the ring of the Mage (left foreclaw) {Wiz MR++ Int+3}
   (You took it off a deep elf demonologist on level 5 of the Vaults)

   [ring of wizardry]

   It improves your spell success rate.
   It affects your intelligence (+3).
   It affects your resistance to hostile enchantments.
Magical devices
 k - a wand of digging (10)
 z - a wand of heal wounds (5)
 R - a wand of teleportation (2)
 S - a wand of disintegration (5)
Scrolls
 c - a scroll of summoning
 e - a scroll of magic mapping
 f - a scroll of fog
 l - 6 scrolls of silence
 p - 15 scrolls of remove curse
 w - 9 scrolls of recharging
 x - a scroll of holy word
 K - 11 scrolls of blinking
Potions
 j - 5 potions of heal wounds
 q - 5 potions of might
 s - 5 potions of brilliance
 A - a potion of restore abilities
 C - 3 potions of cancellation
 E - 9 potions of agility
 N - a potion of cure mutation
 Q - 32 potions of curing
 T - 2 potions of invisibility
Miscellaneous
 g - a lamp of fire
 i - a fan of gales
 m - a legendary deck of escape {Solitude}
 M - a disc of storms
 P - a phial of floods
Comestibles
 a - 20 bread rations


   Skills:
 O Level 27 Fighting
 - Level 12.2 Armour
 - Level 24.0 Dodging
 - Level 5.0 Shields
 O Level 27 Unarmed Combat
 + Level 25.8 Spellcasting
 - Level 7.2 Hexes
 - Level 6.0 Charms
 - Level 4.0 Summonings
 - Level 7.3 Necromancy
 - Level 21.1 Translocations
 - Level 15.0 Transmutations
 - Level 3.6 Air Magic
 - Level 8.0 Earth Magic
 - Level 14.0 Invocations
 + Level 23.9 Evocations


You had 9 spell levels left.
You knew the following spells:

 Your Spells              Type           Power        Failure   Level  Hunger
a - Apportation           Tloc           ########..   0%          1    None
b - Blink                 Tloc           N/A          0%          2    None
c - Blade Hands           Trmt           ########..   0%          5    None
d - Control Teleport      Chrm/Tloc      ########..   0%          4    None
e - Repel Missiles        Chrm/Air       ######       1%          2    None
f - Statue Form           Trmt/Erth      ########.    1%          6    None
g - Singularity           Tloc           ########..   1%          9    None
h - Phase Shift           Tloc           ########..   0%          5    None
j - Flight                Chrm/Air       #######...   1%          3    None
k - Summon Butterflies    Summ           #######.     1%          1    None
l - Sublimation of Blood  Necr           ########..   1%          2    None
m - Stoneskin             Trmt/Erth      ########     0%          2    None
n - Passage of Golubria   Tloc           N/A          0%          4    None
r - Regeneration          Chrm/Necr      #######...   1%          3    None
C - Controlled Blink      Tloc           N/A          1%          7    None
I - Dragon Form           Trmt           ########..   1%          7    None
S - Silence               Hex/Air        #######...   1%          5    None


Dungeon Overview and Level Annotations

Branches:
Dungeon (15/15)            Temple (1/1) D:4            Lair (8/8) D:9
  Swamp (5/5) Lair:6        Snake (5/5) Lair:5        Slime (6/6) Lair:6
    Orc (4/4) D:11            Elf (3/3) Orc:4        Vaults (5/5) D:14
  Crypt (3/3) Vaults:2       Tomb (3/3) Crypt:3      Depths (5/5) D:15
   Hell (1/1)                 Dis (7/7) Hell            Geh (7/7) Hell
    Coc (7/7) Hell            Tar (7/7) Hell            Zot (5/5) Depths:5

Altars:
Ashenzari
Cheibriados
Dithmenos
Elyvilon
Fedhas
Gozag
Kikubaaqudgha
Makhleb
Nemelex Xobeh
Okawaru
Qazlal
Ru
Sif Muna
Trog
Vehumet
Xom
Yredelemnul
Zin
The Shining One
Beogh
Jiyva

Shops:
D:8 (   D:11 [*   D:15 ([(}*}   Orc:2 (}?[   Orc:4 [??[   Elf:2 (   Elf:3 (%!
Snake:2 ?   Snake:3 %   Vaults:1 *=%   Vaults:2 !**(   Depths:1 *   Depths:4 **

Portals:
Hell: Depths:1 Depths:2 Depths:3 Depths:4 Depths:5
Abyss: Depths:4
Pandemonium: Depths:1 Depths:3 Depths:4 Depths:5

Annotations:
D:7 1 runed door
D:8 1 exclusion
Elf:2 exclusion: 5 doors
Crypt:2 exclusion: curse skull
Depths:2 1 exclusion
Depths:3 1 exclusion
Depths:4 1 exclusion
Depths:5 1 runed door, 1 exclusion
Zot:2 1 exclusion
Zot:4 1 exclusion


Innate Abilities, Weirdness & Mutations

((You revert to your normal form in water.))
((You are very nimble and swift while swimming.))
You have a somewhat thin skeletal structure (Dex +2, Stealth).
You are clumsy. (Dex -2)
Your magical capacity is low (-10% MP).
You are robust (+10% HP).


Message History

There is a staircase leading out of the dungeon here.
Drink which item? (? for menu, Esc to quit)
Okay, then.
Unknown command.
Drink which item? (? for menu, Esc to quit)
You feel clever all of a sudden.
Drink which item? (? for menu, Esc to quit)
You feel very mighty all of a sudden.
Unknown command.
Unknown command.
You turn into a fearsome dragon!
The +2 cloak of the Thief {+Fog Slay-2 SInv Stlth+} melds into your body.
The +2 hat of the Bear Spirit {Spirit, +Rage rN+ MR++} melds into your body.
The +3 pair of gauntlets of War {Slay+5} melds into your body.
Your cursed +2 pair of boots melds into your body.
The cursed +5 buckler of the Peculiar Mice {rC++} melds into your body.
The +0 ring mail of Mneyj {rF++ MR+ Int-3 Stlth+} melds into your body.
You feel strangely alone.
You now have 401/409 hp.
You have escaped!

####......#.####...##.###........
# #.####.#...####..#.###........
# #.# ###.#.## ##.#...#........
## #.# #.#.##.###.###..#........
.....# #...###.#.# #..#........
#########..## ##.## #..#........
..........#.###.#.###.#.###'#####
#########.##.#.#.#.#.##..##2#
#.###.#.D.#.###.^##.#
#.##.#.#.#.#.##...#.#
#.#.###.#.###.#.#.#.# #..## ##.##
##..#.#.#
#...###.#.####..#...#####
###..#.###.#............. ##..##
##..#.....>##### ####
#####.######## #.........


There were no monsters in sight!

Vanquished Creatures
  Antaeus (Coc:7)
  Asmodeus (Geh:7)
  Cerebov (Pan)
  the Serpent of Hell (Tar:7)
  the royal jelly (Slime:6)
  Ereshkigal (Tar:7)
  Dispater (Dis:7)
  Lom Lobon (Pan)
  5 ancient liches
  4 orbs of fire
  19 greater mummies
  Sojobo (Depths:2)
  11 shard shrikes
  3 caustic shrikes (Depths:3)
  4 curse toes
  Mennas (Pan)
  4 Killer Klowns
  Geryon (Hell)
  13 golden dragons
  Jory (Crypt:3)
  A profane servitor (Abyss:3)
  6 bone dragons
  3 electric golems
  A hellephant (Pan)
  24 Brimstone Fiends
  8 Hell Sentinels (Dis:7)
  27 Orb Guardians
  19 Ice Fiends
  13 tentacled monstrosities
  18 liches
  12 acid blobs
  6 titans
  4 deep elf master archers (Elf:3)
  4 quicksilver dragons
  26 Shadow Fiends
  A deep elf blademaster (Abyss:3)
  4 pandemonium lords
  8 eldritch tentacles
  18 sphinxes
  6 azure jellies
  Agnes (Snake:3)
  2 thorn hunters (Swamp:4)
  3 tentacled starspawn
  Kirke (Swamp:4)
  11 shadow dragons
  Frances (Snake:4)
  Roxanne (Swamp:4)
  9 frost giants
  A daeva (Depths:5)
  10 tengu reavers
  11 draconian monks
  2 revenants
  24 Executioners
  17 storm dragons
  Donald (Elf:2)
  9 fire giants
  Wiglaf (Depths:2)
  A chaos champion (Pan)
  2 draconian scorchers
  An orc warlord (Depths:4)
  12 iron dragons
  6 greater nagas
  Louise (D:14)
  6 draconian zealots
  10 vault wardens
  4 curse skulls
  8 draconian knights
  5 emperor scorpions
  A ghost moth (Zot:5)
  33 balrugs
  8 deep elf sorcerers
  10 ghouls (Tar:7)
  10 cacodemons
  2 angels
  A warmonger (Pan)
  16 ironheart preservers
  7 draconian annihilators
  9 grey draconians
  A caustic shrike skeleton (Crypt:2)
  7 draconian shifters
  An elemental wellspring (Coc:7)
  24 stone giants
  3 draconian callers
  3 blood saints
  32 war gargoyles
  2 salamander firebrands
  9 deep elf demonologists
  73 reapers
  6 black draconians
  2 bennus (Tomb:2)
  15 very ugly things
  5 lorocyprocas
  4 vampire knights
  2 corrupters
  4 green draconians
  21 red draconians
  4 black suns (Pan)
  7 yellow draconians
  7 dire elephants
  15 deep elf annihilators
  7 purple draconians
  10 mottled draconians
  11 white draconians
  4 pale draconians
  2 unborn
  9 blizzard demons
  Snorg (Swamp:4)
  5 green deaths
  4 eidola
  11 ettins
  6 minotaurs
  10 deep elf death magi
  A crystal guardian (Vaults:4)
  9 mummy priests
  3 quicksilver dragon zombies
  6 death oozes (Slime:6)
  37 vault guards
  20 fire dragons
  Josephine (D:11)
  9 rakshasas
  16 yaktaur captains
  14 great orbs of eyes
  12 deep elf high priests
  10 jiangshi
  5 quicksilver dragon skeletons
  Fannar (D:15)
  Harold (D:13)
  16 ogre magi
  7 hell beasts
  6 statues (WizLab)
  27 naga warriors
  33 ice dragons
  2 catoblepae
  13 death cobs
  The ghost of Emily the Blocker, a powerful FoFi of Dithmenos (D:11)
  12 centaur warriors
  2 monstrous demonspawn (Pan)
  6 anacondas
  Erica (D:10)
  24 hydras
  4 ghost crabs
  An anaconda (shapeshifter) (Depths:2)
  13 deep troll earth magi
  6 alligators
  4 spriggan air magi
  15 dancing weapons
  22 death yaks
  10 orc high priests
  2 tengu warriors
  13 deep troll shamans
  5 thrashing horrors
  22 naga sharpshooters
  5 vampire magi
  10 titan zombies
  Urug (Volcano)
  3 spriggan berserkers (Depths:5)
  37 soul eaters
  25 deep elf knights
  16 hell knights
  20 iron golems
  2 storm dragon zombies
  Nergalle (D:13)
  35 sun demons
  11 hell hogs
  5 titan skeletons
  15 death scarabs
  14 shadow wraiths
  4 wretched stars
  22 iron trolls
  22 ice devils
  2 fire crabs (shapeshifter)
  9 shock serpents
  2 gelid demonspawn
  145 skeletal warriors
  3 unseen horrors
  2 golden dragon zombies
  3 death drakes
  17 shadow demons
  A salamander mystic (Depths:4)
  2 spatial maelstroms (Abyss:3)
  2 deep trolls (shapeshifter)
  A sea snake (Snake:1)
  3 storm dragon skeletons
  33 deep trolls
  12 anaconda zombies
  8 giant orange brains
  3 infernal demonspawn
  3 spriggan druids
  6 ghost moth zombies
  A kraken simulacrum (Hell)
  17 ironbrand convokers
  15 orc knights
  4 shambling mangroves
  An ice statue (Hell)
  8 deep elf summoners
  7 shadow dragon zombies
  4 anubis guards
  7 naga ritualists
  A death drake (shapeshifter) (Depths:3)
  4 golden dragon skeletons
  7 putrid demonspawn
  5 swamp dragons
  2 tengu zombies
  16 wizards
  7 anaconda skeletons
  3 lindwurms (Depths:3)
  A sphinx zombie (Hell)
  2 torturous demonspawn (Pan)
  4 hornets
  4 wolf spider zombies
  A giant orange brain (shapeshifter) (Vaults:5)
  5 iron dragon zombies
  9 hill giants
  A shining eye (Slime:2)
  21 flayed ghosts
  23 deep elf conjurers
  14 harpies
  8 frost giant zombies
  4 orc sorcerers
  7 fire giant zombies
  A water nymph (shapeshifter) (Vaults:3)
  53 ugly things
  16 salamanders
  3 shadow dragon skeletons
  9 stone giant zombies
  A griffon (shapeshifter) (Vaults:5)
  6 griffons
  A manticore (shapeshifter) (D:15)
  25 phantasmal warriors
  5 iron dragon skeletons
  12 necromancers
  7 wolf spiders
  9 cyclopes
  8 manticores
  A hornet (shapeshifter) (D:14)
  A spectral ettin (Tar:4)
  5 worldbinders
  8 mana vipers
  28 black mambas
  A shining eye (shapeshifter) (Vaults:5)
  17 elephants
  11 sixfirhies
  4 human skeletons
  6 fire giant skeletons
  An elephant (shapeshifter) (Vaults:1)
  7 guardian serpents
  An apocalypse crab (Abyss:3)
  6 frost giant skeletons
  A guardian serpent (shapeshifter) (Depths:3)
  5 stone giant skeletons
  3 dire elephant zombies
  17 moths of wrath
  6 molten gargoyles
  74 rust devils
  2 torpor snails
  30 naga magi
  22 vault sentinels
  2 shock serpent skeletons (Tar:3)
  21 hellions
  A grey draconian zombie (Dis:5)
  23 spiny frogs
  6 gargoyles
  3 human zombies
  2 yaktaurs (shapeshifter) (Vaults:2)
  A storm dragon simulacrum (Crypt:3)
  A pale draconian zombie (Zot:2)
  22 orange demons
  7 dire elephant skeletons
  8 emperor scorpion zombies
  3 fire drakes
  18 smoke demons
  A redback zombie (D:14)
  3 kobold demonologists
  A spectral faun (Tar:4)
  A spiny frog (shapeshifter) (Vaults:2)
  9 komodo dragons
  A black draconian zombie (Zot:2)
  12 efreet
  38 yaktaurs
  20 guardian mummies
  26 tormentors
  41 freezing wraiths
  A ghost moth simulacrum (Coc:7)
  An alligator snapping turtle skeleton (Crypt:2)
  A golden dragon simulacrum (Depths:4)
  4 harpy zombies
  39 red devils
  4 tengu conjurers
  4 polar bears
  3 catoblepas skeletons
  7 deep elf priests
  14 demonic crawlers
  A queen bee (shapeshifter) (Vaults:5)
  A queen bee (Lair:3)
  A jumping spider (Elf:3)
  2 ancient zymes
  2 silent spectres
  34 blue devils
  An iron troll skeleton (Crypt:2)
  13 hydra zombies
  4 trolls
  A moth of wrath zombie (Zot:2)
  20 hellwings
  A wind drake (shapeshifter) (D:15)
  Grinder (D:4)
  7 baby alligators
  11 boulder beetles
  5 raiju
  63 slime creatures
  2 fire vortices (Geh:1)
  2 sphinx simulacra
  7 bog bodies
  14 ravens
  A raven (shapeshifter) (Elf:3)
  4 giant leeches
  8 hydra skeletons
  3 harpy skeletons
  A stone giant simulacrum (Vaults:3)
  A trapdoor spider zombie (D:11)
  5 fire dragon zombies
  4 alligator zombies
  30 two-headed ogres
  36 deep elf magi
  A deep troll zombie (Hell)
  An air elemental (Zig:4)
  32 blink frogs
  A shadow dragon simulacrum (Crypt:2)
  10 spriggans
  9 ice dragon zombies
  2 tarantellas (shapeshifter)
  6 basilisks
  8 ettin skeletons
  2 frost giant simulacra
  A trapdoor spider (shapeshifter) (Depths:2)
  101 flying skulls
  8 ettin zombies
  14 ushabtiu
  The ghost of jazmu the Chiller, an average OpIE (D:4)
  A redback (shapeshifter) (Vaults:5)
  2 basilisks (shapeshifter) (Vaults:2)
  A trapdoor spider (D:13)
  12 vampires
  5 ice dragon skeletons
  3 black mamba zombies
  2 fire dragon skeletons
  A spectral giant leech (Swamp:4)
  3 wyverns
  58 starcursed masses
  25 fire elementals
  71 shadows
  A wyvern (shapeshifter) (Depths:2)
  An alligator skeleton (Hell)
  8 water elementals
  36 large abominations
  2 tarantellas (Vaults:2)
  8 humans (Zot:2)
  11 ynoxinuls
  18 redbacks
  3 fire bats
  3 swamp worm simulacra (Swamp:5)
  A centaur simulacrum (D:14)
  A dire elephant simulacrum (Crypt:2)
  A golden eye (shapeshifter) (Depths:1)
  42 wraiths
  36 yaks
  2 hippogriffs (shapeshifter)
  Grum (Orc:2)
  A black mamba skeleton (Geh:1)
  33 deep elf fighters
  15 hungry ghosts
  9 neqoxecs
  5 golden eyes (Slime:6)
  33 vampire mosquitoes
  11 hippogriffs
  37 swamp worms
  27 wolves
  14 insubstantial wisps
  A harpy simulacrum (Crypt:2)
  A merfolk zombie (Geh:7)
  2 mottled dragons
  2 spatial vortices (Abyss:3)
  A gelid demonspawn zombie (Hell)
  A faun zombie (Crypt:2)
  7 small abominations
  A soldier ant (D:10)
  An infernal demonspawn zombie (Tar:7)
  6 chaos spawn
  A soldier ant (shapeshifter) (Vaults:5)
  14 porcupines
  13 wargs
  15 hydra simulacra
  8 spiny frog zombies
  50 hell hounds
  A merfolk skeleton (Pan)
  71 nagas
  51 orc warriors
  21 swamp drakes
  37 water moccasins
  2 ettin simulacra
  2 fire dragon simulacra
  A spectral snapping turtle (Crypt:2)
  4 spiny frog skeletons
  3 eyes of draining
  15 phantoms
  2 snapping turtle zombies
  3 boring beetles
  16 wasps
  9 sky beasts
  3 black bears
  A manticore zombie (Crypt:2)
  3 swamp dragon zombies
  2 hog zombies (Crypt:1)
  11 ice beasts
  35 necrophages
  76 ogres
  A lost soul (Hell)
  A manticore skeleton (Coc:7)
  5 boggarts
  5 snapping turtle skeletons
  3 swamp dragon skeletons
  2 boring beetles (shapeshifter)
  3 big kobolds
  A tengu (shapeshifter) (Vaults:3)
  33 centaurs
  22 crocodiles
  A brain worm (shapeshifter) (Depths:2)
  3 elf zombies (Elf:1)
  2 brain worms
  A cyclops zombie (Crypt:2)
  2 wyvern zombies
  An elf skeleton (Geh:7)
  24 giant frogs
  40 killer bees
  3 spiny frog simulacra
  6 scorpions
  A raiju skeleton (Crypt:1)
  A spriggan zombie (Dis:3)
  A swamp dragon simulacrum (Crypt:2)
  6 electric eels
  75 wights
  6 lava snakes (Volcano)
  22 crimson imps
  3 goliath beetles
  11 hounds
  A wasp zombie (Crypt:1)
  48 iron imps
  2 quasits
  7 centaur skeletons
  17 jellies
  6 giant frog skeletons
  3 centaur zombies
  A gnoll shaman (D:4)
  10 iguanas
  57 orc priests
  28 orc wizards
  6 hell rats
  4 killer bee zombies
  13 sheep
  16 worker ants
  An ogre zombie (Tar:3)
  A deep dwarf skeleton (Crypt:2)
  A naga skeleton (Tar:7)
  35 mummies
  2 hound zombies
  A tengu skeleton (Tar:1)
  6 hound skeletons
  2 worker ant zombies (D:11)
  32 adders
  68 river rats
  27 shadow imps
  7 giant mites
  A swamp drake skeleton (Crypt:1)
  18 white imps
  4 worms
  33 ufetubi
  5 swamp drake simulacra (Swamp:5)
  An adder skeleton (Crypt:2)
  2 adder zombies
  5 giant geckos
  2 oozes
  214 orcs
  14 bats
  A bat skeleton (D:7)
  3 bat zombies
  10 giant cockroaches
  A giant mite zombie (Crypt:1)
  26 goblins
  20 hobgoblins
  27 jackals
  18 quokkas
  2 ball pythons
  A ball python skeleton (D:6)
  7 giant newts
  A giant newt skeleton (Crypt:2)
  35 kobolds
  2 kobold skeletons
  5 orc zombies
  A quokka skeleton (D:9)
  13 rats
  A spectral orc (D:13)
  3 ballistomycetes
  A butterfly (D:7)
  4 crawling corpses (Elf:3)
  A fungus (Swamp:2)
  A plant (D:15)
  A starspawn tentacle (Abyss:1)
5452 creatures vanquished.

Vanquished Creatures (collateral kills)
  Gloorx Vloq (Pan)
  Mnoleg (Pan)
  A seraph (Depths:5)
  An orb of fire (Zot:5)
  An ancient lich (Zot:5)
  3 greater mummies (Tomb:3)
  3 shard shrikes (Coc:7)
  A Killer Klown (Pan)
  2 Brimstone Fiends (Geh:7)
  A lich (Tomb:1)
  A Hell Sentinel (Geh:7)
  8 Ice Fiends (Coc:7)
  2 Orb Guardians (Zot:5)
  An ancient champion (Tomb:3)
  A revenant (Tomb:1)
  A daeva (Depths:5)
  2 iron dragons (Dis:7)
  4 balrugs
  An emperor scorpion (Tomb:3)
  A draconian zealot (Zot:5)
  2 cacodemons (Pan)
  8 reapers
  A draconian caller (Zot:5)
  An elemental wellspring (Coc:7)
  A salamander firebrand (Geh:7)
  A black draconian (Zot:5)
  A lorocyproca (Depths:5)
  4 bennus
  A white draconian (Zot:5)
  2 blizzard demons (Coc:7)
  A jiangshi (Tomb:3)
  6 mummy priests
  A fire dragon (Tar:7)
  7 hell beasts (Hell)
  An ice dragon (Coc:7)
  A spectral fire giant (Tomb:3)
  A spectral stone giant (Tomb:1)
  A vampire mage (Hell)
  A soul eater (Tomb:2)
  A spectral storm dragon (Tomb:3)
  A titan zombie (Tomb:3)
  6 hell hogs
  An iron golem (Dis:7)
  9 large abominations (Pan)
  11 skeletal warriors
  5 shadow wraiths
  2 iron trolls (Dis:6)
  8 hell knights
  8 death scarabs
  7 ice devils
  2 ball lightnings (Pan)
  A storm dragon skeleton (Hell)
  A giant orange brain (Pan)
  5 sun demons
  5 flayed ghosts
  A shadow demon (D:2)
  2 anaconda skeletons
  4 anubis guards
  3 necromancers (Hell)
  A deathcap (Zot:5)
  A phantasmal warrior (Geh:2)
  A hell hog zombie (Hell)
  2 frost giant zombies
  A fire giant zombie (Dis:7)
  A sixfirhy (Pan)
  A stone giant skeleton (Geh:2)
  6 salamanders (Geh:7)
  3 frost giant skeletons
  A fire giant skeleton (Geh:2)
  4 rust devils
  2 molten gargoyles (Geh:7)
  A smoke demon (Hell)
  An emperor scorpion zombie (Dis:7)
  2 catoblepas zombies (Geh:7)
  2 orange demons (Zot:5)
  2 spriggan zombies (Hell)
  2 wandering mushrooms (Zot:5)
  An efreet (Geh:2)
  11 guardian mummies
  9 hellions
  A blue devil (Tomb:1)
  11 tormentors
  3 freezing wraiths
  12 red devils
  2 fire vortices (Geh:7)
  A harpy skeleton (Tomb:3)
  An ettin zombie (Hell)
  An iron dragon simulacrum (Hell)
  12 ushabtiu
  A fire dragon zombie (Geh:2)
  A frost giant simulacrum (Hell)
  4 shadows
  5 wraiths
  A fire elemental (Geh:1)
  An alligator skeleton (Hell)
  3 flying skulls
  3 vampires
  2 water elementals (Coc:7)
  A shock serpent simulacrum (Hell)
  2 ice dragon skeletons (Geh:7)
  A hungry ghost (Tomb:1)
  2 ynoxinuls
  4 neqoxecs
  A hydra simulacrum (Hell)
  9 hell hounds
  4 necrophages
  A swamp dragon skeleton (Geh:2)
  6 wights
  A spriggan skeleton (Tar:7)
  3 iron imps (Dis:6)
  A centaur skeleton (Geh:2)
  2 hell rats (Hell)
  2 quasits
  10 mummies
  2 river rats
  2 adders
  2 white imps (Coc:7)
  5 ufetubi
  A bat (D:2)
  A kobold (Sewer)
  2 rats
347 creatures vanquished.

Vanquished Creatures (others)
  An eldritch tentacle (Pan)
  A fire giant (Depths:2)
  An elemental wellspring (Coc:7)
  2 purple draconians
  A rakshasa (Pan)
  A spriggan air mage (Pan)
  A hell hog (Geh:1)
  A titan skeleton (Geh:2)
  19 death scarabs (Tomb:2)
  2 wizards (Pan)
  4 ball lightnings (Pan)
  An unseen horror (shapeshifter) (D:15)
  An anaconda zombie (Geh:2)
  A lindwurm (Swamp:4)
  A wolf spider zombie (Geh:2)
  3 necromancers (Geh:1)
  An anubis guard (Tomb:1)
  2 stone giant zombies
  A draconian zombie (Zot:2)
  2 moths of wrath (Zot:4)
  A fire giant skeleton (Tomb:2)
  2 sixfirhies
  A small abomination (Elf:3)
  A frost giant skeleton (Geh:1)
  A shock serpent skeleton (Geh:2)
  A fire drake (Depths:3)
  A minotaur zombie (Dis:7)
  A hydra skeleton (Geh:2)
  A blue devil (Tomb:1)
  A raven (Swamp:2)
  A bog body (Swamp:5)
  An alligator zombie (Coc:7)
  An alligator skeleton (Geh:1)
  A fire dragon skeleton (Crypt:2)
  A vampire (Tar:3)
  16 flying skulls
  A hog (Swamp:4)
  3 ynoxinuls (Pan)
  2 humans (Swamp:4)
  3 shadows
  A deep elf fighter (Vaults:1)
  A swamp worm (Swamp:5)
  A water moccasin (Swamp:4)
  3 swamp drakes
  A necrophage (Geh:2)
  15 lost souls
  A giant frog (Swamp:4)
  6 wights
  3 iron imps (Dis:7)
  3 mummies
  An ufetubus (Pan)
  2 giant spores
  A briar patch (Swamp:4)
  162 eldritch tentacle segments
  5 fungi
  16 plants
  61 singularities
  7 starspawn tentacles
  17 starspawn tentacle segments
  9 tentacles
  189 tentacle segments
593 creatures vanquished.

Grand Total: 6392 creatures vanquished

Notes
Turn   | Place    | Note
--------------------------------------------------------------
     0 | D:1      | SaintRoka, the Merfolk Transmuter, began the quest for the Orb.
     0 | D:1      | Reached XP level 1. HP: 15/15 MP: 3/3
   159 | D:1      | Reached XP level 2. HP: 9/21 MP: 4/4
   234 | D:1      | Reached skill level 4 in Unarmed Combat
   552 | D:1      | Learned a level 2 spell: Sticks to Snakes
   766 | D:2      | Reached XP level 3. HP: 13/26 MP: 4/6
   801 | D:2      | Found a glowing golden altar of the Shining One.
  1083 | D:2      | Reached skill level 5 in Unarmed Combat
  1274 | D:2      | Reached XP level 4. HP: 27/32 MP: 0/7
  1439 | D:3      | Found a glowing drain.
  1850 | Sewer    | Entered a sewer
  2018 | Sewer    | Noticed a crocodile
  2039 | Sewer    | Killed a crocodile
  2039 | Sewer    | Reached skill level 6 in Unarmed Combat
  2039 | Sewer    | Reached XP level 5. HP: 18/37 MP: 1/9
  2228 | D:3      | Learned a level 5 spell: Blade Hands
  2816 | D:4      | Reached XP level 6. HP: 40/43 MP: 6/10
  2881 | D:4      | Noticed jazmu's ghost (average OpIE)
  2941 | D:4      | Reached skill level 7 in Unarmed Combat
  3024 | D:4      | Reached skill level 10 in Dodging
  3024 | D:4      | Reached skill level 10 in Unarmed Combat
  3024 | D:4      | Reached XP level 7. HP: 46/48 MP: 12/12
  3126 | D:4      | Found a staircase to the Ecumenical Temple.
  3154 | D:4      | Noticed a phantom
  3158 | Temple   | Entered the Ecumenical Temple
  3242 | D:4      | Killed a phantom
  3336 | D:4      | Noticed Grinder
  3342 | D:4      | Paralysed by Grinder for 2 turns
  3347 | D:4      | Killed Grinder
  3347 | D:4      | Reached XP level 8. HP: 37/56 MP: 7/14
  3471 | D:4      | Killed jazmu's ghost
  3471 | D:4      | Reached skill level 10 in Transmutations
  3663 | D:5      | Entered Level 5 of the Dungeon
  4075 | D:5      | Found an opulent altar of Gozag.
  4378 | D:5      | Found a sparkling altar of Nemelex Xobeh.
  4642 | D:6      | Got a bloodstained ring mail
  4658 | D:6      | Identified the +0 ring mail "Guzig" {+Blink rPois rN++ Str+2 Int-3} (You found it on level 6 of the Dungeon)
  5038 | D:6      | Reached XP level 9. HP: 55/64 MP: 11/18
  5184 | D:6      | Found a stormy altar of Qazlal.
  5219 | D:6      | Reached skill level 1 in Armour
  5546 | D:7      | Reached skill level 5 in Fighting
  5590 | D:7      | Found a runed door.
  5623 | D:7      | Found a runed door.
  5653 | D:7      | Identified a scroll of acquirement
  5799 | D:7      | Reached XP level 10. HP: 74/74 MP: 10/21
  5999 | D:8      | Found Fiha's Weapon Shoppe.
  6587 | D:8      | Found a snail-covered altar of Cheibriados.
  6599 | D:8      | Became a worshipper of Cheibriados the Contemplative
  6651 | D:8      | Gained mutation: Your mind is acute. (Int +2) [mutagenic meat]
  6989 | D:9      | Reached skill level 1 in Invocations
  6991 | D:9      | Acquired Cheibriados' first power
  7005 | D:9      | Reached skill level 1 in Evocations
  7032 | D:9      | Found a staircase to the Lair.
  7184 | D:9      | Found an ancient bone altar of Kikubaaqudgha.
  7315 | D:9      | Found a shimmering altar of Xom.
  7544 | Lair:1   | Entered Level 1 of the Lair of Beasts
  7633 | Lair:1   | Learned a level 4 spell: Ice Form
  7741 | Lair:1   | Reached skill level 1 in Shields
  7799 | Lair:1   | Reached XP level 11. HP: 73/81 MP: 22/22
  7889 | Lair:1   | Acquired Cheibriados' second power
  7958 | Lair:1   | Reached skill level 5 in Invocations
  8295 | Lair:2   | Noticed a four-headed hydra
  8338 | Lair:2   | Killed a four-headed hydra
  8774 | Lair:2   | Noticed a five-headed hydra
  9744 | Lair:3   | Acquired Cheibriados' third power
 10019 | Lair:3   | Learned a level 6 spell: Statue Form
 10038 | Lair:3   | Acquired Cheibriados' fourth power
 10293 | Lair:4   | Noticed a seven-headed hydra
 10334 | Lair:4   | Noticed a five-headed hydra
 10434 | Lair:4   | Reached skill level 11 in Dodging
 10456 | Lair:4   | Reached XP level 12. HP: 91/91 MP: 23/25
 10567 | Lair:4   | Noticed an eight-headed hydra
 10617 | Lair:4   | Killed a five-headed hydra
 10721 | Lair:4   | Killed a seven-headed hydra
 10721 | Lair:4   | Reached skill level 1 in Earth Magic
 10795 | Lair:5   | Found a staircase to the Snake Pit.
 10990 | Lair:5   | Reached skill level 12 in Dodging
 11258 | Lair:5   | Noticed a five-headed hydra
 11535 | Lair:5   | Killed a five-headed hydra
 11771 | Lair:6   | Learned a level 1 spell: Apportation
 11889 | Lair:6   | Found a staircase to the Slime Pits.
 11890 | Lair:6   | Found a viscous altar of Jiyva.
 11987 | Lair:6   | Noticed a five-headed hydra
 12072 | Lair:6   | Reached skill level 5 in Spellcasting
 12086 | Lair:6   | Noticed a four-headed hydra
 12086 | Lair:6   | Lost mutation: Your mind is acute. (Int +2) [potion of cure mutation]
 12093 | Lair:6   | Killed a four-headed hydra
 12093 | Lair:6   | Reached XP level 13. HP: 101/101 MP: 21/26
 12142 | Lair:6   | Found a staircase to the Swamp.
 12367 | Lair:6   | Killed a five-headed hydra
 12548 | Lair:7   | Learned a level 3 spell: Conjure Flame
 12922 | Lair:7   | Reached skill level 5 in Earth Magic
 13250 | Lair:7   | Reached skill level 13 in Transmutations
 13583 | Lair:8   | Entered Level 8 of the Lair of Beasts
 13947 | Lair:8   | Reached XP level 14. HP: 96/108 MP: 24/29
 14374 | Lair:8   | Reached skill level 14 in Transmutations
 15292 | Lair:8   | Noticed a dire elephant
 15309 | Lair:8   | Killed a dire elephant
 15340 | Lair:8   | Learned a level 5 spell: Phase Shift
 15347 | Lair:8   | Got a faintly humming scale mail
 15358 | Lair:8   | Identified the +2 scale mail of the Hot Ocelot {Regen+ Int+2 Dex-3} (You found it on level 8 of the Lair of Beasts)
 15856 | Lair:4   | Killed an eight-headed hydra
 15957 | Lair:4   | Reached skill level 15 in Transmutations
 16212 | D:10     | Entered Level 10 of the Dungeon
 16247 | D:10     | Noticed Erica
 16388 | D:10     | Killed Erica
 17205 | D:11     | Found a staircase to the Orcish Mines.
 17209 | D:11     | Found Pnalem's Armour Emporium.
 17245 | Orc:1    | Entered Level 1 of the Orcish Mines
 17609 | Orc:2    | Found Cuex's Weapon Emporium.
 17623 | Orc:2    | Found Zegobaar's Gadget Shoppe.
 17702 | Orc:2    | Found Twacios' Magic Scroll Shop.
 17705 | Orc:2    | Noticed Grum
 17718 | Orc:2    | Killed Grum
 18112 | Orc:1    | Reached skill level 10 in Spellcasting
 18202 | Orc:2    | Found Ghegea's Armour Boutique.
 19226 | Orc:4    | Entered Level 4 of the Orcish Mines
 19226 | Orc:4    | Found a staircase to the Elven Halls.
 19318 | Orc:4    | Found a dark tunnel.
 19323 | Volcano  | Entered a volcano
 19506 | Volcano  | Found a bloodstained altar of Trog.
 19506 | Volcano  | Noticed Urug
 19510 | Volcano  | Killed Urug
 19512 | Volcano  | Reached XP level 15. HP: 60/114 MP: 27/32
 20153 | Orc:4    | Reached skill level 10 in Fighting
 20166 | Orc:4    | Found Ihoq's Magic Scroll Boutique.
 20166 | Orc:4    | Found Striobiy's Antique Armour Shoppe.
 20234 | Orc:4    | Bought a scroll of teleportation for 36 gold pieces
 20234 | Orc:4    | Bought a scroll of teleportation for 36 gold pieces
 20376 | Orc:4    | Found Xierub's Antique Armour Boutique.
 20376 | Orc:4    | Found Ocogaitt's Magic Scroll Shoppe.
 20587 | Orc:4    | Bought a pair of glowing boots for 94 gold pieces
 20666 | Orc:4    | Found a roughly hewn altar of Beogh.
 21261 | Orc:4    | Bought a runed helmet for 94 gold pieces
 21321 | Orc:2    | Bought a scroll of acquirement for 572 gold pieces
 21321 | Orc:2    | Bought a scroll of acquirement for 572 gold pieces
 21614 | D:11     | Noticed Emily's ghost (powerful FoFi)
 21621 | D:11     | Killed Emily's ghost
 21658 | D:11     | Noticed Josephine
 21676 | D:11     | Killed Josephine
 21761 | D:11     | Found Juyduom's General Store.
 21793 | D:11     | Bought a scroll of teleportation for 45 gold pieces
 22310 | D:12     | Paralysed by a wizard for 5 turns
 22318 | D:12     | Paralysed by a wizard for 3 turns
 22328 | D:12     | Reached skill level 1 in Translocations
 22546 | D:12     | Learned a level 2 spell: Repel Missiles
 22558 | D:12     | Paralysed by a wizard for 7 turns
 22621 | D:12     | Got a pair of distressingly furry gloves
 22633 | D:12     | Identified the cursed -3 pair of gloves "Xokoes" {rC+ rN+ Regen+ Dex+4} (You found it on level 12 of the Dungeon)
 22889 | D:13     | Noticed Harold
 22902 | D:13     | Killed Harold
 23012 | D:13     | Learned a level 3 spell: Flight
 23013 | D:13     | Got a jewelled ring mail
 23024 | D:13     | Identified the +5 ring mail "Khusat" {rElec rC+ MR-} (You found it on level 13 of the Dungeon)
 23470 | D:13     | Noticed Nergalle
 23481 | D:13     | Killed Nergalle
 23941 | D:14     | Reached skill level 15 in Dodging
 23944 | D:14     | Reached XP level 16. HP: 126/126 MP: 29/33
 24411 | D:14     | Noticed Louise
 24499 | D:14     | Found a shimmering altar of Xom.
 24545 | D:14     | Found a gate to the Vaults.
 24560 | D:14     | Killed Louise
 24640 | D:14     | Reached skill level 1 in Charms
 24718 | D:15     | Entered Level 15 of the Dungeon
 24733 | D:15     | Found Smaafir's Antique Weapon Shoppe.
 24847 | D:15     | Found Qadaxt's Weapon Emporium.
 25090 | D:15     | Noticed Fannar
 25102 | D:15     | Killed Fannar
 25167 | D:15     | Reached skill level 5 in Translocations
 25297 | D:15     | Found Baitsikyl's Gadget Shop.
 25299 | D:15     | Found Usuitwa's Pet Rocks.
 25397 | D:15     | Found Cloq's Armour Shoppe.
 25441 | D:15     | Reached skill level 10 in Invocations
 25584 | D:15     | Found Gruit's Gadget Shoppe.
 25645 | D:15     | Found a staircase to the Depths.
 26152 | Swamp:1  | Entered Level 1 of the Swamp
 26801 | Swamp:2  | Reached XP level 17. HP: 120/133 MP: 26/34
 27883 | Swamp:3  | Found a shadowy altar of Dithmenos.
 28217 | Swamp:4  | Noticed Snorg
 28225 | Swamp:4  | Killed Snorg
 28234 | Swamp:4  | Noticed Kirke
 28252 | Swamp:4  | Killed Kirke
 29125 | Swamp:4  | Noticed Roxanne
 29192 | Swamp:4  | Killed Roxanne
 29432 | Swamp:5  | Entered Level 5 of the Swamp
 30202 | Swamp:5  | Reached XP level 18. HP: 140/140 MP: 29/34
 30224 | Swamp:5  | Got a decaying rune of Zot
 30748 | Snake:1  | Entered Level 1 of the Snake Pit
 30849 | Snake:1  | Reached skill level 15 in Unarmed Combat
 31505 | Snake:2  | Got a shimmering ring mail
 31524 | Snake:2  | Identified the +0 ring mail "Qaomub" {MR+} (You found it on level 2 of the Snake Pit)
 31630 | Snake:2  | Found Vogeomaw's Magic Scroll Emporium.
 31637 | Snake:2  | Bought a scroll of teleportation for 33 gold pieces
 31637 | Snake:2  | Bought a scroll of magic mapping for 38 gold pieces
 31656 | Snake:2  | Bought a scroll of silence for 82 gold pieces
 32242 | Snake:3  | Found Nyumir's Food Shoppe.
 32809 | Snake:4  | Noticed Frances
 32853 | Snake:5  | Entered Level 5 of the Snake Pit
 32883 | Snake:5  | Reached skill level 5 in Shields
 33277 | Snake:5  | Reached skill level 16 in Unarmed Combat
 33421 | Snake:5  | Reached skill level 5 in Evocations
 33452 | Snake:5  | Reached XP level 19. HP: 113/151 MP: 23/35
 33819 | Snake:5  | Got a serpentine rune of Zot
 34420 | Snake:4  | Killed Frances
 35401 | Snake:3  | Noticed Agnes
 35405 | Snake:3  | Killed Agnes
 36043 | Vaults:1 | Entered Level 1 of the Vaults
 36228 | Vaults:1 | Found Xigeefeg's Assorted Antiques.
 36228 | Vaults:1 | Found Olucoiva's Jewellery Emporium.
 36624 | Vaults:1 | Reached skill level 17 in Unarmed Combat
 36755 | Vaults:1 | Reached skill level 15 in Fighting
 36933 | Vaults:1 | Found Hulozo's Food Emporium.
 37078 | Vaults:1 | Reached XP level 20. HP: 162/162 MP: 36/36
 37521 | Vaults:2 | Found Chiod's Assorted Antiques.
 37594 | Vaults:2 | Found a magical portal.
 37620 | WizLab   | Entered Tukima's Studio
 37993 | Vaults:2 | Reached skill level 10 in Evocations
 38151 | Vaults:2 | Found Vuoheesoe's Antique Weapon Boutique.
 38395 | Vaults:2 | Found a staircase to the Crypt.
 38473 | Vaults:2 | Found Baid's Assorted Antiques.
 38480 | Vaults:2 | Bought a potion of cancellation for 248 gold pieces
 38480 | Vaults:2 | Bought a potion of curing for 93 gold pieces
 38544 | Vaults:2 | Found Smiobrue's Distillery.
 38565 | Vaults:2 | Bought a potion of heal wounds for 60 gold pieces
 38565 | Vaults:2 | Bought a potion of heal wounds for 60 gold pieces
 38565 | Vaults:2 | Bought a potion of might for 48 gold pieces
 38565 | Vaults:2 | Bought a potion of curing for 36 gold pieces
 38565 | Vaults:2 | Bought 2 potions of curing for 72 gold pieces
 38610 | Vaults:2 | Bought a fizzy blue potion for 22 gold pieces
 38611 | Vaults:2 | Bought the +2 hat of the Bear Spirit {Spirit, +Rage rN+ MR++} for 927 gold pieces
 39410 | Vaults:3 | Reached skill level 18 in Unarmed Combat
 39440 | Vaults:3 | Reached XP level 21. HP: 171/171 MP: 31/37
 41230 | Vaults:4 | Reached skill level 5 in Armour
 42689 | Elf:1    | Entered Level 1 of the Elven Halls
 42726 | Elf:1    | Found a radiant altar of Vehumet.
 42907 | Elf:1    | Identified the Collected Works on Black Arts
 42914 | Elf:1    | Learned a level 5 spell: Dispel Undead
 43478 | Elf:2    | Reached XP level 22. HP: 182/182 MP: 31/38
 43563 | Elf:2    | Learned a level 4 spell: Control Teleport
 43598 | Elf:2    | Found Mimnoil's Antique Weapon Shoppe.
 43757 | Elf:2    | Found a huge runed gate.
 43758 | Elf:2    | Found a huge runed gate.
 43759 | Elf:2    | Found a huge runed gate.
 43760 | Elf:2    | Found a huge runed gate.
 43761 | Elf:2    | Found a huge runed gate.
 43903 | Elf:2    | Noticed Donald
 43917 | Elf:2    | Killed Donald
 44134 | Elf:2    | Reached skill level 19 in Unarmed Combat
 44193 | Elf:3    | Entered Level 3 of the Elven Halls
 44193 | Elf:3    | Found Taosaira's Antique Weapon Shop.
 44255 | Elf:3    | Found Anatz's Food Shop.
 44273 | Elf:3    | Found Javap's Distillery.
 44286 | Elf:3    | Bought a potion of curing for 51 gold pieces
 44286 | Elf:3    | Bought a potion of heal wounds for 85 gold pieces
 44286 | Elf:3    | Bought a potion of cancellation for 136 gold pieces
 44336 | Elf:3    | Learned a level 3 spell: Regeneration
 44854 | Elf:3    | Reached skill level 1 in Necromancy
 45049 | Elf:3    | Reached skill level 5 in Charms
 45099 | Elf:3    | Got a flickering amber ring
 45101 | Elf:3    | Identified the ring "Hiuth" {-Tele rF+ MR+ Int+2 Dex+2} (You took it off a deep elf conjurer on level 3 of the Elven Halls)
 45349 | Elf:3    | Identified Foepn's Incunabulum of the Mountains
 45403 | Elf:3    | Learned a level 3 spell: Abjuration
 45849 | Lair:1   | Learned a level 1 spell: Summon Butterflies
 46176 | Depths:1 | Entered Level 1 of the Depths
 46212 | Depths:1 | Reached skill level 1 in Summonings
 46331 | Depths:1 | Found a gateway to Hell.
 46439 | Depths:1 | Found a sparkling altar of Nemelex Xobeh.
 46472 | Depths:1 | Reached skill level 5 in Necromancy
 46521 | Depths:1 | Found Analitem's Demolitions Depot.
 46652 | Depths:1 | Found a one-way gate leading to the halls of Pandemonium.
 46661 | Depths:1 | Reached XP level 23. HP: 190/190 MP: 30/39
 47468 | Depths:2 | Noticed Wiglaf
 47477 | Depths:2 | Killed Wiglaf
 47906 | Depths:2 | Noticed Sojobo
 47923 | Depths:2 | Killed Sojobo
 47954 | Depths:2 | Got a polished ring mail
 47966 | Depths:2 | Identified the +4 ring mail of the Gloaming {Str+4} (You found it on level 2 of the Depths)
 47967 | Depths:2 | Got a smelly leather armour
 47978 | Depths:2 | Identified the cursed -4 leather armour of the Worm {rElec rC- rN+ Stlth+} (You found it on level 2 of the Depths)
 48471 | Depths:3 | Found a gateway to a ziggurat.
 48601 | Depths:3 | Reached XP level 24. HP: 198/198 MP: 28/40
 48806 | Depths:3 | Learned a level 2 spell: Blink
 48813 | Depths:3 | Got a smoking leather armour
 48824 | Depths:3 | Identified the +2 leather armour of Thok {Int+2} (You found it on level 3 of the Depths)
 48845 | Depths:3 | Identified a +8 rod of inaccuracy (12/12) (You found it on level 3 of the Depths)
 48875 | Depths:3 | Identified the Incunabulum of the Aerial Snowflakes (You found it on level 3 of the Depths)
 48981 | Depths:3 | Reached skill level 20 in Unarmed Combat
 49113 | Depths:3 | Noticed a caustic shrike
 49114 | Depths:3 | Noticed a caustic shrike
 49115 | Depths:3 | Noticed a caustic shrike
 49121 | Depths:3 | Killed a caustic shrike
 49124 | Depths:3 | Killed a caustic shrike
 49132 | Depths:3 | Killed a caustic shrike
 49829 | Depths:4 | Found Durral's Assorted Antiques.
 49840 | Depths:4 | Bought a scroll of silence for 172 gold pieces
 49840 | Depths:4 | Bought a potion of curing for 69 gold pieces
 50072 | Depths:4 | Found a one-way gate to the infinite horrors of the Abyss.
 50094 | Depths:4 | Found Qubit's Assorted Antiques.
 50854 | Depths:4 | Found a roughly hewn altar of Beogh.
 50925 | Depths:5 | Entered Level 5 of the Depths
 51997 | Vaults:5 | Entered Level 5 of the Vaults
 52039 | Vaults:4 | Reached XP level 25. HP: 208/208 MP: 28/41
 52114 | Vaults:5 | Noticed an ancient lich
 52127 | Vaults:4 | Killed an ancient lich
 52235 | Vaults:5 | Gained mutation: Your magical capacity is low (-10% MP). [a shining eye]
 52283 | Vaults:5 | Gained mutation: You are clumsy. (Dex -2) [a shining eye]
 52698 | Vaults:5 | Got a shimmering bronze ring
 52700 | Vaults:5 | Identified the ring of Duoso {Str+6 Dex+2 Stlth+} (You found it on level 5 of the Vaults)
 53370 | Vaults:5 | Got a transparent robe
 53387 | Vaults:5 | Identified the +1 robe of Irricial {rC++ MR- Str+4 Dex+2} (You took it off a deep elf demonologist on level 5 of the Vaults)
 53406 | Vaults:5 | Got a silver rune of Zot
 53675 | Vaults:5 | Reached skill level 21 in Unarmed Combat
 53796 | Vaults:5 | Reached XP level 26. HP: 202/219 MP: 16/37
 54856 | Crypt:1  | Entered Level 1 of the Crypt
 54951 | Crypt:1  | Reached skill level 15 in Evocations
 55204 | Crypt:1  | Found an ancient bone altar of Kikubaaqudgha.
 56489 | Crypt:2  | Identified the Volume of Lucky Dark Secrets
 56677 | Crypt:3  | Entered Level 3 of the Crypt
 56960 | Crypt:3  | Noticed Jory
 56964 | Crypt:3  | Killed Jory
 57019 | Crypt:3  | Found a staircase to the Tomb.
 57193 | Crypt:3  | Identified the Incunabulum of Transmigration
 57202 | Crypt:3  | Learned a level 7 spell: Dragon Form
 57233 | Crypt:3  | Learned a level 2 spell: Stoneskin
 57397 | Crypt:3  | Got a slimy tin amulet
 57399 | Crypt:3  | Identified the amulet "Poath" {Ward rF+ rN+ Str+4 Stlth+} (You took it off a hell knight on level 3 of the Crypt)
 57545 | Crypt:3  | Reached skill level 22 in Unarmed Combat
 57818 | Crypt:3  | Found an ancient bone altar of Kikubaaqudgha.
 57827 | Crypt:3  | Noticed an ancient lich
 57851 | Crypt:3  | Killed an ancient lich
 57874 | Crypt:3  | Got a shimmering robe
 57885 | Crypt:3  | Identified the +2 robe "Brud" {Regen+ Str+2} (You found it on level 3 of the Crypt)
 57938 | Crypt:3  | Learned a level 4 spell: Passage of Golubria
 58008 | Crypt:3  | Got a transparent naga barding
 58017 | Crypt:3  | Identified the +0 naga barding "Proudu" {rElec Int+3} (You found it on level 3 of the Crypt)
 58167 | Vaults:2 | Bought a scroll of silence for 187 gold pieces
 58814 | Depths:5 | Reached XP level 27. HP: 230/230 MP: 31/37
 58835 | Depths:5 | Found an ancient bone altar of Kikubaaqudgha.
 59302 | Depths:5 | Found a runed door.
 59302 | Depths:5 | Found a runed door.
 59345 | Depths:5 | Found a runed door.
 59352 | Depths:5 | Found a runed door.
 59372 | Depths:5 | Found a runed door.
 59538 | Depths:5 | Found a runed door.
 59625 | Depths:5 | Found a gate to the Realm of Zot.
 59856 | Zot:1    | Entered Level 1 of the Realm of Zot
 59923 | Zot:1    | Found a snail-covered altar of Cheibriados.
 60050 | Zot:1    | Found a blossoming altar of Fedhas.
 60491 | Zot:1    | Reached skill level 23 in Unarmed Combat
 60831 | Zot:2    | Reached skill level 10 in Translocations
 62612 | Zot:4    | Noticed an orb of fire
 62987 | Zot:5    | Entered Level 5 of the Realm of Zot
 63159 | Zot:4    | Reached skill level 15 in Spellcasting
 63806 | Lair:1   | Learned a level 7 spell: Controlled Blink
 64047 | Slime:1  | Entered Level 1 of the Pits of Slime
 64250 | Slime:6  | Entered Level 6 of the Pits of Slime
 64431 | Slime:6  | Noticed the royal jelly
 64436 | Slime:6  | Killed the royal jelly
 64436 | Slime:6  | Reached skill level 15 in Translocations
 64518 | Slime:6  | Got a slimy rune of Zot
 64564 | Slime:6  | Got a polished plate armour
 64565 | Slime:6  | Identified the +4 plate armour of Untold Secrets {rC+ Str-3 Int+2} (You found it on level 6 of the Pits of Slime)
 64576 | Slime:6  | Got a fine lajatang
 64579 | Slime:6  | Identified a +5 rod of clouds (10/10) (You found it on level 6 of the Pits of Slime)
 64987 | Lair:1   | Identified the +6 lajatang of Lithrek {slice, Noisy MR+ Int+4} (You found it on level 6 of the Pits of Slime)
 65374 | Zig:1    | Entered Level 1 of a ziggurat
 65389 | Zig:2    | Entered Level 2 of a ziggurat
 65437 | Zig:3    | Entered Level 3 of a ziggurat
 65477 | Zig:4    | Entered Level 4 of a ziggurat
 65520 | Zig:5    | Entered Level 5 of a ziggurat
 65568 | Zig:5    | Got a glittering crystal amulet
 65569 | Zig:5    | Identified the amulet "Esesujan" {Inacc Str+4} (You found it on level 5 of a ziggurat)
 65575 | Zig:5    | Identified the Grimoire of Fiery Boosts
 65814 | Zig:6    | Entered Level 6 of a ziggurat
 65819 | Zig:6    | Noticed an ancient lich
 65835 | Zig:6    | Killed an ancient lich
 65857 | Zig:6    | Got a faintly glowing ring mail
 65868 | Zig:6    | Identified the +0 ring mail of Mneyj {rF++ MR+ Int-3 Stlth+} (You found it on level 6 of a ziggurat)
 65879 | Zig:6    | Got an ancient blowgun
 65880 | Zig:6    | Identified the +6 blowgun of Stravuej {evade, rC+ rN+} (You found it on level 6 of a ziggurat)
 66717 | Orc:2    | Bought a scroll of magic mapping for 38 gold pieces
 66717 | Orc:2    | Bought a scroll of enchant armour for 82 gold pieces
 66718 | Orc:2    | Bought a scroll of teleportation for 33 gold pieces
 66718 | Orc:2    | Bought a scroll of teleportation for 33 gold pieces
 67006 | Depths:4 | Bought a potion of might for 152 gold pieces
 67006 | Depths:4 | Bought a scroll of acquirement for 1976 gold pieces
 67006 | Depths:4 | Bought a scroll of recharging for 361 gold pieces
 67037 | Depths:4 | Bought a scroll of identify for 46 gold pieces
 67102 | Depths:4 | Voluntarily entered the Abyss.
 67448 | Abyss:1  | Found a sacrificial altar of Ru.
 67519 | Abyss:1  | Paralysed by accursed screaming for 2 turns
 67527 | Abyss:1  | Paralysed by accursed screaming for 1 turns
 68335 | Abyss:3  | Got an abyssal rune of Zot
 68410 | Depths:4 | Escaped the Abyss
 68474 | Depths:4 | Bought a potion of restore abilities for 115 gold pieces
 69045 | Elf:3    | Bought a bread ration for 50 gold pieces
 69045 | Elf:3    | Bought a bread ration for 50 gold pieces
 69056 | Elf:3    | Bought a potion of restore abilities for 85 gold pieces
 69597 | Pan      | Entered Pandemonium
 69726 | Pan      | Noticed Mennas
 69738 | Pan      | Killed Mennas
 69776 | Pan      | Noticed Pufasch the pandemonium lord
 69778 | Pan      | Entered the realm of Cerebov.
 70274 | Pan      | Identified the Disquisition on the Frostbite
 70278 | Pan      | Identified the Almanac of Poisonous Blows and Bruises
 70294 | Pan      | Learned a level 9 spell: Singularity
 70379 | Pan      | Identified a +9 rod of ignition (10/10) (You found it in Pandemonium)
 70384 | Pan      | Identified the Compendium of Frigorific Execration
 70415 | Pan      | Got a vibrating glass ring
 70416 | Pan      | Identified the ring "Lacof" {rElec rN+ Dex+2} (You found it in Pandemonium)
 70483 | Pan      | Noticed Cerebov
 70499 | Pan      | Killed Cerebov
 70627 | Pan      | Got a fiery rune of Zot
 70679 | Pan      | Found an exit through the horrors of the Abyss.
 71016 | Pan      | Got a demonic rune of Zot
 71019 | Pan      | Entered the realm of Mnoleg.
 71029 | Pan      | Noticed Mnoleg
 71032 | Pan      | Got a glowing rune of Zot
 71036 | Pan      | Killed Mnoleg
 71295 | Pan      | Found an exit through the horrors of the Abyss.
 71490 | Pan      | Found an exit through the horrors of the Abyss.
 71533 | Pan      | Entered the realm of Lom Lobon.
 71569 | Pan      | Noticed Lom Lobon
 71571 | Pan      | Got a magical rune of Zot
 71587 | Pan      | Killed Lom Lobon
 71773 | Pan      | Found an exit through the horrors of the Abyss.
 71786 | Pan      | Entered the realm of Gloorx Vloq.
 72042 | Pan      | Got a twisted scale mail
 72053 | Pan      | Identified the +5 scale mail "Wiczah" {rPois rN+ Dex-4} (You found it in Pandemonium)
 72149 | Pan      | Found an exit through the horrors of the Abyss.
 72423 | Pan      | Noticed Gloorx Vloq
 72439 | Pan      | Killed Gloorx Vloq
 72510 | Pan      | Got a dark rune of Zot
 72600 | Pan      | Took an exit into the Abyss.
 72600 | Abyss:1  | Escaped into the Abyss
 72623 | Depths:4 | Escaped the Abyss
 72737 | Pan      | Entered Pandemonium
 72742 | Pan      | Got a faintly glowing robe
 72753 | Pan      | Identified the +0 robe of Homess {rC+ Regen+} (You found it in Pandemonium)
 72803 | Pan      | Noticed Thromm the pandemonium lord
 72810 | Pan      | Killed Thromm the pandemonium lord
 72931 | Pan      | Got a pair of ichor-stained gloves
 72952 | Pan      | Identified the +2 pair of gloves of Duogom {Stlth+} (You acquired it in Pandemonium)
 73413 | Pan      | Found an exit through the horrors of the Abyss.
 73437 | Pan      | Took an exit into the Abyss.
 73437 | Abyss:1  | Escaped into the Abyss
 73441 | Abyss:1  | Found a corrupted altar of Lugonu.
 73640 | Depths:4 | Escaped the Abyss
 73873 | D:14     | Learned a level 2 spell: Sublimation of Blood
 74005 | Hell     | Entered the Vestibule of Hell
 74005 | Hell     | Noticed Geryon
 74033 | Hell     | Killed Geryon
 74402 | Hell     | Found a gateway to the Iron City of Dis.
 74489 | Hell     | Found a gateway to the decaying netherworld of Tartarus.
 74511 | Tar:1    | Entered Level 1 of Tartarus
 75988 | Tar:7    | Entered Level 7 of Tartarus
 76171 | Tar:7    | Got a translucent scale mail
 76182 | Tar:7    | Identified the +4 scale mail of Relativism {-Cast rCorr Int+4 Dex+3} (You found it on level 7 of Tartarus)
 76490 | Tar:7    | Noticed the Serpent of Hell
 76499 | Tar:7    | Killed the Serpent of Hell
 76588 | Tar:7    | Noticed Ereshkigal
 76614 | Tar:7    | Killed Ereshkigal
 76635 | Tar:7    | Got a bone rune of Zot
 76773 | Tar:7    | Got a colourful robe
 76785 | Tar:7    | Got an encrusted lajatang
 76791 | Tar:7    | Identified the +6 lajatang of the Doomed Warrior {slice, +Rage rElec MR+ Stlth+} (You found it on level 7 of Tartarus)
 77061 | Tar:7    | Got a steaming mottled dragon armour
 77082 | Tar:7    | Identified the +9 mottled dragon armour "Stratt" {rC+} (You found it on level 7 of Tartarus)
 77092 | Tar:7    | Identified the +1 robe of Didyotz {Int+3} (You found it on level 7 of Tartarus)
 77105 | Tar:7    | Got a warped buckler
 77116 | Tar:7    | Identified the +5 buckler of the Peculiar Mice {rC++} (You found it on level 7 of Tartarus)
 77150 | Tar:7    | Got a faintly glowing plate armour
 77162 | Tar:7    | Identified the +6 plate armour "Blatom" {MR- Int+9 Slay+3} (You found it on level 7 of Tartarus)
 77370 | Tar:7    | Got a brightly glowing scale mail
 77394 | Tar:7    | Identified the +9 scale mail of Dacoth {rN+ rCorr MP-9 Int+3} (You found it on level 7 of Tartarus)
 77566 | Dis:1    | Entered Level 1 of the Iron City of Dis
 78478 | Dis:6    | Reached skill level 10 in Armour
 79147 | Dis:6    | Reached skill level 24 in Unarmed Combat
 79304 | Dis:7    | Entered Level 7 of the Iron City of Dis
 79972 | Dis:7    | Reached skill level 25 in Unarmed Combat
 80086 | Dis:7    | Got a translucent lapis lazuli ring
 80088 | Dis:7    | Identified the ring of Activism {Fire rPois Str-5 Int+4 Slay-4 Stlth+} (You found it on level 7 of the Iron City of Dis)
 80295 | Dis:7    | Noticed Dispater
 80462 | Dis:7    | Killed Dispater
 80508 | Dis:7    | Got an iron rune of Zot
 80513 | Dis:7    | Identified the Catalogue of Attacks and the Escort (You found it on level 7 of the Iron City of Dis)
 80730 | Hell     | Found a gateway to the freezing wastes of Cocytus.
 80771 | Coc:1    | Entered Level 1 of Cocytus
 81091 | Coc:5    | Reached skill level 26 in Unarmed Combat
 81173 | Coc:7    | Entered Level 7 of Cocytus
 81256 | Coc:7    | Identified Sophisticated Rites and Rhymes
 81258 | Coc:7    | Identified Wizardry for Beginners
 81463 | Coc:7    | Identified the Incunabulum of Poisonous Transmigration
 81792 | Coc:7    | Gained mutation: You are robust (+10% HP). [mutagenic glow]
 81989 | Coc:7    | Reached skill level 27 in Unarmed Combat
 82351 | Coc:7    | Noticed Antaeus
 82353 | Coc:7    | Reached skill level 27 in Fighting
 82369 | Coc:7    | Killed Antaeus
 82464 | Coc:7    | Got an icy rune of Zot
 82957 | Lair:1   | Learned a level 5 spell: Silence
 83284 | Hell     | Reached skill level 1 in Hexes
 83289 | Hell     | Reached skill level 1 in Air Magic
 83291 | Hell     | Found a gateway to the ashen valley of Gehenna.
 83299 | Geh:1    | Entered Level 1 of Gehenna
 84463 | Geh:6    | Reached skill level 5 in Hexes
 84568 | Geh:7    | Entered Level 7 of Gehenna
 85322 | Geh:7    | Got a twisted cloak
 85359 | Geh:7    | Identified the +2 cloak of Fortitude {rElec rF- MR+ Str+2 Dex+6} (You found it on level 7 of Gehenna)
 85683 | Geh:7    | Noticed Asmodeus
 85698 | Geh:7    | Killed Asmodeus
 85711 | Geh:7    | Got an obsidian rune of Zot
 85768 | Hell     | Gained mutation: You have a somewhat thin skeletal structure (Dex +2, Stealth). [potion of beneficial mutation]
 86180 | Crypt:3  | Noticed an ancient lich
 86186 | Crypt:3  | Killed an ancient lich
 86254 | Tomb:1   | Entered Level 1 of the Tomb of the Ancients
 87108 | Tomb:2   | Cast into the Abyss (the power of Zot)
 87114 | Abyss:1  | Noticed an ancient lich
 87118 | Abyss:1  | Killed an ancient lich
 87188 | Tomb:2   | Escaped the Abyss
 87948 | Tomb:3   | Entered Level 3 of the Tomb of the Ancients
 88658 | Tomb:3   | Got a bloodstained fire dragon armour
 88660 | Tomb:3   | Identified the +8 fire dragon armour "Heill" {Contam rElec rF++ rC- MR+ Str+2 SInv} (You found it on level 3 of the Tomb of the Ancients)
 88665 | Tomb:3   | Got a shimmering turquoise ring
 88688 | Tomb:3   | Identified Zeczuirgh's Volume of Hurtful Intoxication
 88690 | Tomb:3   | Identified the ring of the Dolphin {Contam +Fly Str+4 Dex+5} (You found it on level 3 of the Tomb of the Ancients)
 88693 | Tomb:3   | Got a heavily runed cloak
 88705 | Tomb:3   | Identified the cursed -2 cloak "Breaff" {rC+} (You found it on level 3 of the Tomb of the Ancients)
 88718 | Tomb:3   | Got a wizard robe
 88729 | Tomb:3   | Identified the +4 robe of Space {rCorr Int+2} (You found it on level 3 of the Tomb of the Ancients)
 88742 | Tomb:3   | Identified Sif Muna's Papyrus of Beguiling
 88747 | Tomb:3   | Identified Osatad's Collected Works on Enchantment
 88829 | Tomb:3   | Got a golden rune of Zot
 90185 | Zot:5    | Noticed an orb of fire
 90200 | Zot:5    | Killed an orb of fire
 90201 | Zot:5    | Noticed an ancient lich
 90202 | Zot:5    | Noticed an orb of fire
 90204 | Zot:5    | Killed an ancient lich
 90205 | Zot:5    | Killed an orb of fire
 90507 | Zot:5    | Noticed an orb of fire
 90514 | Zot:5    | Killed an orb of fire
 90517 | Zot:5    | Noticed an orb of fire
 90524 | Zot:5    | Killed an orb of fire
 90681 | Zot:5    | Got the Orb of Zot
 90763 | Zot:4    | Killed an orb of fire
 90781 | Zot:4    | Noticed Cresur the pandemonium lord
 90787 | Zot:4    | Killed Cresur the pandemonium lord
 90884 | Depths:5 | Noticed a seraph
 90890 | Depths:5 | Killed a seraph
 90980 | Depths:5 | Noticed an ancient lich
 90981 | Depths:5 | Noticed Omuer the pandemonium lord
 90985 | Depths:5 | Killed Omuer the pandemonium lord
 91524 | D:2      | Noticed Smiumios the pandemonium lord
 91528 | D:2      | Killed Smiumios the pandemonium lord
 91614 | D:$      | Escaped with the Orb!

Action                   |  1- 3 |  4- 6 |  7- 9 | 10-12 | 13-15 | 16-18 | 19-21 | 22-24 | 25-27 || total
-------------------------+-------+-------+-------+-------+-------+-------+-------+-------+-------++-------
Melee: Unarmed           |    95 |   105 |   289 |   695 |  1363 |  1417 |  1502 |  1313 |  7055 || 13834
 Fire: Blowgun           |       |       |       |       |       |       |     4 |       |       ||     4
Throw: Javelin           |       |       |       |     1 |       |       |     1 |       |       ||     2
       Throwing net      |       |       |       |       |       |       |       |       |    14 ||    14
 Cast: Beastly Appendage |    16 |     8 |     1 |       |       |       |       |     1 |       ||    26
       Sticks to Snakes  |     7 |    10 |       |       |       |       |       |       |       ||    17
       Blade Hands       |       |       |    29 |    35 |    81 |    29 |    12 |     2 |    47 ||   235
       Ice Form          |       |       |       |     3 |     1 |     1 |       |       |       ||     5
       Statue Form       |       |       |       |     3 |    16 |    55 |    69 |    49 |   324 ||   516
       Repel Missiles    |       |       |       |       |       |     3 |     6 |     5 |     8 ||    22
       Phase Shift       |       |       |       |       |       |    10 |    23 |    26 |    61 ||   120
       Apportation       |       |       |       |       |       |     3 |     1 |       |    46 ||    50
       Flight            |       |       |       |       |       |     1 |       |     2 |     4 ||     7
       Regeneration      |       |       |       |       |       |       |       |    20 |   277 ||   297
       Control Teleport  |       |       |       |       |       |       |       |     2 |    15 ||    17
       Blink             |       |       |       |       |       |       |       |     2 |     3 ||     5
       Dispel Undead     |       |       |       |       |       |       |       |       |     5 ||     5
       Dragon Form       |       |       |       |       |       |       |       |       |    37 ||    37
       Sublimation of Bl |       |       |       |       |       |       |       |       |   106 ||   106
       Singularity       |       |       |       |       |       |       |       |       |    61 ||    61
       Stoneskin         |       |       |       |       |       |       |       |       |    45 ||    45
       Silence           |       |       |       |       |       |       |       |       |     3 ||     3
Invok: Bend Time         |       |       |       |     4 |     1 |       |       |     2 |     6 ||    13
       Slouch            |       |       |       |     1 |     6 |    12 |     4 |    15 |    13 ||    51
       Step From Time    |       |       |       |       |     2 |     1 |     2 |       |       ||     5
       Temporal Distorti |       |       |       |       |     1 |    12 |     5 |     1 |    81 ||   100
 Abil: End Transformatio |       |       |       |     1 |     9 |     5 |     3 |     1 |    82 ||   101
       Evoke Fog         |       |       |       |       |       |       |       |       |    30 ||    30
Evoke: Wand              |       |       |       |     2 |     5 |     2 |       |     8 |    28 ||    45
       Rod               |       |       |       |       |       |       |       |     3 |    17 ||    20
       Lamp of fire      |       |       |       |       |       |       |       |       |     2 ||     2
  Use: Potion            |     1 |     5 |       |     6 |     3 |     5 |     2 |     1 |    52 ||    75
       Scroll            |       |     4 |     6 |    19 |    14 |    14 |    10 |    10 |    78 ||   155
 Stab: Sleeping          |     1 |     1 |     1 |     7 |     1 |     3 |     1 |     1 |    14 ||    30
       Distracted        |     1 |       |     1 |     2 |     6 |     2 |     2 |     1 |    25 ||    40
       Invisible         |       |       |       |     2 |       |       |       |       |    12 ||    14
       Confused          |       |       |       |       |       |     1 |       |     1 |       ||     2
       Held in net/web   |       |       |       |       |       |       |       |       |     8 ||     8
  Eat: Chunk             |     2 |     7 |    21 |    27 |    16 |     3 |    10 |     3 |     8 ||    97
       Fruit             |       |       |       |     6 |     4 |    13 |     4 |    11 |    44 ||    82
       Beef jerky        |       |       |       |       |     9 |     1 |     3 |       |     4 ||    17
       Royal jelly       |       |       |       |       |     3 |    10 |       |       |     1 ||    14
       Pizza             |       |       |       |       |       |     3 |     1 |       |     1 ||     5
       Meat ration       |       |       |       |       |       |     1 |     3 |     4 |    12 ||    20
       Bread ration      |       |       |       |       |       |       |     2 |       |    13 ||    15
